 Dungeon Crawl Stone Soup version 0.29-a0-563-g64e4043184 (webtiles) character file.

Game seed: 11348144182582637479

55 LilSandi the Chopper (level 3, -4/33 HPs)
             Began as a Hill Orc Monk on June 12, 2022.
             Slain by Sigmund
             ... wielding a +0 scythe
              (10 damage)
             ... on level 3 of the Dungeon.
             The game lasted 00:07:38 (2146 turns).

LilSandi the Chopper (Hill Orc Monk)                Turns: 2146, Time: 00:07:38

Health: -4/33      AC: 14    Str: 15    XL:     3   Next: 93%
Magic:  3/3        EV:  0    Int: 10    God:
Gold:   104        SH:  0    Dex: 13    Spells: 2/2 levels left

rFire   . . .      SeeInvis .   a - +0 hand axe
rCold   . . .      Faith    .   (no shield)
rNeg    . . .      Spirit   .   k - +0 crystal plate armour
rPois   .          Reflect  .   (no helmet)
rElec   .          Harm     .   (no cloak)
rCorr   .          Rampage  .   (no gloves)
Will    .....                   (no boots)
Stlth   ..........              (no amulet)
HPRegen 0.11/turn               (no ring)
MPRegen 0.08/turn               (no ring)

@: no status effects
A: no striking features
a: no special abilities


You were on level 3 of the Dungeon.
You visited 1 branch of the dungeon, and saw 3 of its levels.

You collected 104 gold pieces.

Inventory:

Hand Weapons
 a - a +0 hand axe (weapon)
Missiles
 l - 3 poisoned darts (quivered)
Armour
 k - a +0 crystal plate armour (worn)
Scrolls
 b - a scroll of enchant weapon {unknown}
 h - 3 scrolls of identify {unknown}
 i - a scroll of summoning {unknown}
 j - a scroll of teleportation {unknown}
Potions
 d - 2 potions of might {unknown}
 e - 2 potions of flight {unknown}
 f - a potion of mutation {unknown}
 g - a potion of heal wounds {unknown}


   Skills:
 + Level 4.2 Fighting
 + Level 5.0 Axes
 + Level 0.4 Armour
 + Level 2.7 Dodging
 + Level 2.0 Stealth


You had 2 spell levels left.
You didn't know any spells.
Your spell library contained the following spells:

 Spells                   Type           Power      Damage    Failure   Level
 Sandblast                Erth           0%         2d4       100%        1
 Ensorcelled Hibernation  Hex/Ice        0%         N/A       100%        2
 Passwall                 Tmut/Erth      0%         N/A       100%        2
 Stone Arrow              Conj/Erth      0%         3d7       100%        3
 Swiftness                Air            0%         N/A       100%        3


Dungeon Overview and Level Annotations

Branches:
Dungeon (3/15)

Altars:
Dithmenos

Shops:
D:1 *

Annotations:
D:3 Sigmund


Message History

You feel invigorated. Something hits you!
* * * LOW HITPOINT WARNING * * *
You miss something. Something hits you.
* * * LOW HITPOINT WARNING * * *
Something hits you but does no damage.
You bump into the stone wall.
You hear some strange, mumbled words.
A magic dart appears from out of thin air!
The magic dart hits you.
You bump into the stone wall.
Something hits you but does no damage.
You barely miss something.
You feel less invigorated.
You closely miss something.
You feel less confused. Something hits you but does no damage.
You hit something. Something hits you but does no damage.
You barely miss something. You hit something. Something hits you.
You slash something!
You hear some strange, mumbled words.
You are confused.
You hit something.
You hear some strange, mumbled words.
A magic dart appears from out of thin air!
The magic dart hits you but does no damage.
Found a glass ring.
You hear some strange, mumbled words.
A puff of flame appears from out of thin air!
The puff of flame hits you. Something hits you. Something hits you.
* * * LOW HITPOINT WARNING * * *
You hear the slow rusting of a drain nearby.
You feel less confused.
Sigmund appears from thin air!
Reactivating autopickup.
Sigmund gestures at you while chanting.
The magic dart hits you but does no damage.
Sigmund hits you from afar with a +0 scythe!
You die...

.=....... ......... .#
......... ..## ........
....# .. ...# .... #.
..###.?# #.###..#..# .
###..##.....##.. #
#.......##...@...........
#
#.......##..##.@.......##
# #.......##.####..._.[.##
# #.......##..##.........#
#
#........................
#
#.............##.....##..
#.##...(........###†.#..#
.
#...............##..###..#
######'###..........##
....


You could see Sigmund.

Vanquished Creatures
  2 worms (D:2)
  4 bats (D:1)
  5 endoplasms
  4 goblins
  6 hobgoblins
  3 jackals (D:1)
  4 kobolds
  6 quokkas
  4 ball pythons
  A frilled lizard (D:3)
  2 rats (D:2)
41 creatures vanquished.

Notes
Turn   | Place    | Note
-------+----------+-------------------------------------------
     0 | D:1      | LilSandi the Hill Orc Monk began the quest for the Orb.
     0 | D:1      | Reached XP level 1. HP: 19/19 MP: 1/1
   216 | D:1      | Reached XP level 2. HP: 27/27 MP: 2/2
   616 | D:1      | Found Bytopp's General Store.
   690 | D:1      | Found a faded altar of an unknown god.
   924 | D:1      | You fall into a shaft and drop 1 floor!
  1021 | D:2      | Reached XP level 3. HP: 24/33 MP: 3/3
  2076 | D:3      | Reached skill level 5 in Axes
  2098 | D:3      | Found a shadowy altar of Dithmenos.
  2104 | D:3      | Noticed Sigmund
  2146 | D:3      | Slain by Sigmund

Illustrated notes

Levels and vault maps discovered:
D:1:      amcnicky_arrival_underground_garden, layout_loops_corners,
          serial_shops, nicolae_shop_window_shopping,
          ebering_ecumenical_altar_sacrificial, minmay_misc_feat_columns
D:2:      layout_basic, bh_walls_and_bars
D:3:      layout_basic, nicolae_dithmenos_shadow_blocks, lemuel_doored_altar,
          gup_sewer_entry_bowl, uniq_sigmund, uniq_ijyb

Skill      XL: |  1  2  3 |
---------------+----------+-----
Fighting       | 4 |  4.2
Stealth        | 2 |  2.0
Axes           | 5 |  5.0
Armour         | |  0.4
Dodging        | |  2.7

Action                   || total
-------------------------++-------
Melee: Hand axe          ||   136
       Punch             ||     1
  Use: Potion            ||     1
 Stab: Sleeping          ||     3
Armor: Chain mail        ||    16
       Robe              ||     4
       Crystal plate arm ||    55
Dodge: Dodged            ||    28

Table legend: (Time is in decaauts)
 A = Elapsed time spent in this place.
 B = Non-inter-level travel time spent in this place.
 C = Inter-level travel time spent in this place.
 D = Time resting spent in this place.
 E = Time spent auto-exploring this place.
 F = Levels seen in this place.
 G = Mean time per level.
                   A        B        C        D        E       F      G
               +--------+--------+--------+--------+--------+-----+--------+
         Total |   2155 |   2142 |     13 |    467 |   1158 |   3 |  718.3 |
       Dungeon |   2155 |   2142 |     13 |    467 |   1158 |   3 |  718.3 |
               +--------+--------+--------+--------+--------+-----+--------+

Top non-repeatable levels by time:
     D:1: 1233 daAuts
     D:2: 821 daAuts
     D:3: 100 daAuts
